 Dungeon Crawl Stone Soup version 0.19-a0-1714-gcab94ab (webtiles) character file.

47 holy777 the Sneak (level 3, 0/17 HPs)
             Began as a Vine Stalker Enchanter on Sept 28, 2016.
             Succumbed to an adder's poison
             ... on level 2 of the Dungeon.
             The game lasted 00:06:14 (1084 turns).

holy777 the Sneak (Vine Stalker Enchanter)          Turns: 1084, Time: 00:06:15

Health: 0/17       AC:  6    Str: 10    XL:     3   Next: 70%
Magic:  6/7        EV: 12    Int: 15    God:
Gold:   59         SH:  0    Dex: 15    Spells: 3 memorised, 1 level left

rFire  . . .     SeeInvis .     a - +1 dagger
rCold  . . .     Gourm    .     b - +2 robe
rNeg   . . .     Faith    .     (no shield)
rPois  .         Spirit   +     h - +0 helmet
rElec  .         Dismiss  .     (no cloak)
rCorr  .         Reflect  .     (no gloves)
MR     .....     Harm     .     (no boots)
Stlth  +++.......               (no amulet)
                                (no ring)
                                (no ring)

@: lethally poisoned (0 -> -4)
A: fangs 2, magic shield, antimagic bite, no device heal 3, rot immunity
a: no special abilities


You were on level 2 of the Dungeon.
You were not hungry.

You visited 1 branch of the dungeon, and saw 2 of its levels.

You collected 59 gold pieces.

Inventory:

Hand Weapons
 a - a +1 dagger (weapon)
Armour
 b - a +2 robe (worn)
 h - a +0 helmet (worn)
Scrolls
 j - a scroll of random uselessness {unknown}
Potions
 f - a potion of haste {unknown}
 i - a potion of curing {unknown}
Books
 c - a book of Maledictions

   Spells                             Type                      Level
   a - Corona                         Hexes                        1
   b - Ensorcelled Hibernation        Hexes/Ice                    2
   c - Confuse                        Hexes                        3
   d - Tukima's Dance                 Hexes                        3
   e - Dazzling Spray                 Conjuration/Hexes            3
Comestibles
 d - a bread ration
 g - a meat ration


   Skills:
 + Level 0.5 Fighting
 + Level 1.0 Short Blades
 * Level 2.0 Dodging
 * Level 4.5 Stealth
 + Level 2.5 Spellcasting
 + Level 3.1 Hexes
 + Level 0.4 Ice Magic


You had one spell level left.
You knew the following spells:

 Your Spells              Type           Power        Failure   Level  Hunger
a - Corona                Hex            ##.....      8%          1    #......
b - Ensorcelled Hibernat  Hex/Ice        #.....       17%         2    ###....
c - Dazzling Spray        Conj/Hex       #.....       34%         3    ###....


Dungeon Overview and Level Annotations

Branches:
Dungeon (2/15)

Altars:


Innate Abilities, Weirdness & Mutations

You have extremely sharp teeth.
When hurt, damage is shared between your health and your magic reserves.
Your bite disrupts and absorbs the magic of your enemies.
Potions and wands cannot restore your health.
You are immune to rotting.


Message History

The adder is severely wounded.
The adder closely misses you. The adder bites you.
* * * LOW HITPOINT WARNING * * *
You closely miss the adder.
The adder is severely wounded.
* * * LOW HITPOINT WARNING * * *
You feel sick. The adder closely misses you.
Sorry, you're not good enough to have a special ability.
It was a potion of magic.
Magic courses through your body. The adder bites you but does no damage.
The adder barely misses you.
* * * LOW HITPOINT WARNING * * *
You feel sick.
The frilled lizard hisses and fully extends its frill.
The adder bites you but does no damage.
* * * LOW HITPOINT WARNING * * *
You feel sick. The adder bites you.
* * * LOW HITPOINT WARNING * * *
The adder misses you.
You die...

####.###...#...#.
###................
#..........###...##
#.#.......###......
#.#..l....##..####.
#.#..........## #
#.#.......####
#.#SS.....#
###.@.#######
#...### #####


You could see 2 adders and a frilled lizard.

Vanquished Creatures
  2 dart slugs (D:1)
  4 leopard geckos (D:1)
  4 bats
  2 giant cockroaches
  5 goblins
  5 hobgoblins (D:1)
  3 kobolds (D:1)
  6 frilled lizards
  6 rats
37 creatures vanquished.

Notes
Turn   | Place    | Note
-------+----------+-------------------------------------------
     0 | D:1      | holy777 the Vine Stalker Enchanter began the quest for the Orb.
     0 | D:1      | Reached XP level 1. HP: 9/9 MP: 4/4
   100 | D:1      | Reached skill level 4 in Stealth
   100 | D:1      | Reached XP level 2. HP: 11/13 MP: 4/6
   205 | D:1      | Learned a level 2 spell: Ensorcelled Hibernation
   609 | D:1      | Reached skill level 1 in Short Blades
   634 | D:1      | Reached XP level 3. HP: 14/16 MP: 0/7
  1015 | D:2      | Learned a level 3 spell: Dazzling Spray
  1084 | D:2      | Succumbed to an adder's poison

Vault maps used:
D:1:      minmay_arrival_wavy_path
D:2:      minmay_diamond_boxcup, minmay_tripent

Skill      XL: |  1  2 |
---------------+-------+-----
Stealth        | 4 |  4.5
Dodging        | 2 |  2.0
Short Blades   | 1 |  1.0
Fighting       | |  0.5
Spellcasting   | |  2.5
Hexes          | |  3.1
Ice Magic      | |  0.4

Action                   || total
-------------------------++-------
Melee: Dagger            ||   124
       Bite              ||    26
 Cast: Corona            ||     1
       Ensorcelled Hiber ||    20
  Use: Scroll            ||     3
       Potion            ||     1
 Stab: Sleeping          ||     8
  Eat: Chunk             ||     2
Armor: Robe              ||    46
Dodge: Dodged            ||    89
